 Dungeon Crawl Stone Soup version 0.29-a0-330-g52719c12eb (webtiles) character file.

Game seed: 11357548741153724402

756049 Anon1729 the Sorcerer (level 27, -1/212 (216) HPs)
             Began as a Djinni Venom Mage on Apr 18, 2022.
             Was a High Priest of Zin.
             Killed by something's death curse (11 damage)
             ... on level 24 of a ziggurat on Apr 19, 2022.
             The game lasted 06:51:35 (67948 turns).

Anon1729 the Sorcerer (Djinni Venom Mage)          Turns: 67948, Time: 06:51:36

HP:   -1/212 (216)  AC: 13    Str:  9    XL:     27
Gold: 3636          EV: 32    Int: 47    God:    Zin [*****.] SH: 12 Dex: 24

rFire   + + +      SeeInvis +   a - staff of cold
rCold   + . .      Faith    +   j - +3 buckler "Qeyn" {Will+++ Str+2 Int+4 Slay-2}
rNeg    + . .      Spirit   .   K - +1 robe of Vines {NoPotionHeal Regen++++}
rPois   ∞          Reflect  .   n - +1 helmet "Amucisus" {rF+}
rElec   +          Harm     .   C - scarf {repulsion}
rCorr   .          Rampage  .   y - +3 pair of gloves "Bophurhy" {rF++ Int+4}
Will    +++++                   (boots unavailable)
Stlth   ++++++++..              F - amulet "Bevok" {Faith rF+ Regen+}
HPRegen 4.45/turn               L - ring of the Will of the Gods {rN+ AC+4 Int+4 SInv}
MPRegen 0.00/turn               g - ring of the Scuffed God {rElec rF- rC+ Int+6 Dex+8}

@: calling dragons, flying, hasted and slowed, studying 2 skills, lightly
drained, invisible (expiring), repel missiles
A: sickness immunity, fire resistance 2, cold vulnerability 1, float, innate
caster, HP casting, extra vitality 1
}: 5/15 runes: serpentine, barnacled, slimy, silver, abyssal
a: Renounce Religion, Recite, Vitalisation, Imprison, Sanctuary, Donate Gold


You were on level 24 of a ziggurat.
You worshipped Zin.
Zin was extremely pleased with you.
You visited 11 branches of the dungeon, and saw 54 of its levels.
You visited the Abyss 1 time.
You visited 1 bazaar.
You visited 1 ziggurat, and saw 24 of its levels.
You also visited: Gauntlet, Ice Cave and Volcano.

You collected 11230 gold pieces.
You spent 3658 gold pieces at shops.
You donated 3936 gold pieces to Zin.

Inventory:

Hand Weapons
 b - the +11 hunting sling "Senleuk" {speed, Dex+4}
   (You took it off an orc on level 9 of the Dungeon)

   Attacks with this weapon are significantly faster.
   Dex:       It affects your dexterity (+4).
 E - the +8 morningstar of Kuhas {elec, +Blink rF+ Will+ Str-2}
   (You found it on level 18 of a ziggurat)

   It occasionally discharges a powerful burst of electricity upon striking a
   foe.
   Str:       It affects your strength (-2).
   rF:        It protects you from fire.
   +Blink:    It lets you blink.
   Will:      It increases your willpower.
Missiles
 O - 8 throwing nets
Armour
 j - the +3 buckler "Qeyn" (worn) {Will+++ Str+2 Int+4 Slay-2}
   (You found it on level 16 of a ziggurat)

   Str:       It affects your strength (+2).
   Int:       It affects your intelligence (+4).
   Slay:      It affects your accuracy & damage with ranged weapons and melee
   (-2).
   Will:      It greatly increases your willpower.
 n - the +1 helmet "Amucisus" (worn) {rF+}
   (You found it on level 15 of the Dungeon)

   rF:        It protects you from fire.
 p - a +3 buckler of cold resistance
 y - the +3 pair of gloves "Bophurhy" (worn) {rF++ Int+4}
   (You found it on level 15 of a ziggurat)

   Int:       It affects your intelligence (+4).
   rF:        It greatly protects you from fire.
 C - a scarf of repulsion (worn)
 G - a scarf of resistance
 J - a +2 pair of gloves of hurling
 K - the +1 robe of Vines (worn) {NoPotionHeal Regen++++}
   (You found it on level 9 of the Dungeon)

   Its wearer cannot be healed by potions.
   Regen:     It increases your rate of health regeneration.
Magical Staves
 a - a staff of cold (weapon)
Jewellery
 g - the ring of the Scuffed God (right hand) {rElec rF- rC+ Int+6 Dex+8}
   (You found it on level 1 of the Realm of Zot)

   [ring of intelligence]

   Int:       It affects your intelligence (+6).
   Dex:       It affects your dexterity (+8).
   rF:        It makes you vulnerable to fire.
   rC:        It protects you from cold.
   rElec:     It insulates you from electricity.
 q - the ring of Pebboe Eciy {+Blink rPois rF++ rN+ Dex-5}
   (You found it on level 7 of a ziggurat)

   [ring of positive energy]

   Dex:       It affects your dexterity (-5).
   rF:        It greatly protects you from fire.
   rPois:     It protects you from poison.
   rN:        It protects you from negative energy.
   +Blink:    It lets you blink.
 F - the amulet "Bevok" (around neck) {Faith rF+ Regen+}
   (You found it on level 12 of a ziggurat)

   [amulet of faith]

   It allows you to gain divine favour quickly.
   rF:        It protects you from fire.
   Regen:     It increases your rate of health regeneration.
 L - the ring of the Will of the Gods (left hand) {rN+ AC+4 Int+4 SInv}
   (You acquired it on level 4 of the Snake Pit)

   [ring of protection]

   AC:        It affects your AC (+4).
   Int:       It affects your intelligence (+4).
   rN:        It protects you from negative energy.
   SInv:      It lets you see invisible.
 S - the amulet of Pibymoass {rN++ Will+ Regen+}
   (You found it on level 23 of a ziggurat)

   [amulet of regeneration]

   rN:        It greatly protects you from negative energy.
   Regen:     It increases your rate of health regeneration.
   Will:      It increases your willpower.
 V - the ring "Juf Kauc" {Drain rElec rN+ rCorr Dex+5}
   (You found it on level 4 of the Shoals)

   [ring of positive energy]

   Dex:       It affects your dexterity (+5).
   rElec:     It insulates you from electricity.
   rN:        It protects you from negative energy.
   rCorr:     It protects you from acid and corrosion.
   Drain:     It drains your maximum health when unequipped.
Wands
 k - a wand of flame (150)
 t - a wand of paralysis (34)
 u - a wand of digging (18)
 B - a wand of iceblast (58)
 N - a wand of charming (24)
 T - a wand of acid (24)
 Z - a wand of mindburst (24)
Scrolls
 d - 34 scrolls of teleportation
 h - 4 scrolls of brand weapon
 o - 5 scrolls of blinking
 s - 6 scrolls of immolation
 x - 12 scrolls of vulnerability
 A - 16 scrolls of fog
 D - 8 scrolls of silence
 I - 6 scrolls of enchant armour
 M - 14 scrolls of fear
 P - 4 scrolls of holy word
 U - 8 scrolls of magic mapping
Potions
 c - 6 potions of invisibility
 e - 7 potions of mutation
 i - 12 potions of brilliance
 l - 11 potions of might
 m - 2 potions of resistance
 r - 4 potions of berserk rage
 v - 19 potions of heal wounds
 w - 4 potions of cancellation
 z - 6 potions of attraction
 X - 5 potions of ambrosia
 Y - 18 potions of curing
Miscellaneous
 f - a phantom mirror
 H - a tin of tremorstones (2/2)
 R - a condenser vane
 W - a phial of floods


   Skills:
 + Level 23.5 Fighting
 - Level 7.0 Slings
 - Level 0.5(4.3) Throwing
 - Level 2.0 Armour
 - Level 22.0 Dodging
 - Level 19.0 Stealth
 - Level 16.0 Shields
 + Level 25.0 Spellcasting
 + Level 23.1 Invocations
 + Level 10.3 Evocations


You couldn't memorise any spells.
You knew the following spells:

 Your Spells              Type           Power      Damage    Failure   Level
a - Sting                 Tmut/Pois      100%       1d8       0%          1
b - Poisonous Vapours     Pois/Air       100%       N/A       0%          2
c - Mephitic Cloud        Conj/Pois/Air  100%       N/A       0%          3
d - Olgreb's Toxic Radia  Pois           100%       N/A       0%          4
e - Beastly Appendage     Tmut           100%       N/A       0%          1
f - Wereblood             Tmut           100%       N/A       0%          2
g - Call Imp              Summ           100%       N/A       0%          2
h - Summon Ice Beast      Ice/Summ       100%       N/A       0%          4
i - Summon Lightning Spi  Summ/Air       100%       N/A       0%          4
j - Lightning Bolt        Conj/Air       69%        1d94      0%          5
k - Eringya's Noxious Bo  Tmut/Pois      69%        N/A       0%          6
l - Ozocubu's Refrigerat  Ice            82%        4d21      0%          7
m - Orb of Destruction    Conj           69%        9d16      0%          7
n - Spellforged Servitor  Conj/Summ      69%        N/A       0%          7
o - Summon Hydra          Summ           69%        N/A       0%          7
p - Dragon's Call         Summ           69%        N/A       1%          9
q - Fire Storm            Conj/Fire      69%        8d18      1%          9
Your spell library was empty.

Dungeon Overview and Level Annotations

Branches:
Dungeon (15/15)            Temple (1/1) D:5            Lair (6/6) D:9
 Shoals (4/4) Lair:4        Snake (4/4) Lair:2        Slime (5/5) Lair:6
    Orc (2/2) D:9             Elf (3/3) Orc:2        Vaults (5/5) D:14
  Crypt (0/3) Vaults:2     Depths (4/4) D:15            Zot (5/5) Depths:4
  IceCv (visited)         Volcano (visited)         Gauntlet (visited)

Altars:
Ashenzari
Cheibriados
Dithmenos
Elyvilon
Fedhas
Gozag
Hepliaklqana
Kikubaaqudgha
Makhleb
Nemelex Xobeh
Okawaru
Qazlal
Ru
Sif Muna
Trog
Uskayaw
Vehumet
Wu Jian
Xom
Yredelemnul
Zin
The Shining One
Beogh
Jiyva

Shops:
D:6 *   D:7 =   Orc:2 (:*(*   Elf:2 (   Snake:2 =(   Snake:3 :   Snake:4 [[*
Vaults:5 *=*   Depths:3 *

Portals:
Hell: Depths:1 Depths:2 Depths:3 Depths:4
Abyss: Depths:1 Depths:2 Depths:3
Pandemonium: Depths:2
Trove: D:12 (give 8 potions of haste)

Annotations:
D:3 Grinder
D:4 2 runed translucent doors, kae's ghost, amateur TeFE
Elf:2 3 runed translucent doors


Innate Abilities, Weirdness & Mutations

You are immune to sickness and miasma.
You are immune to poison.
Your flesh is very heat resistant. (rF++)
You are vulnerable to cold. (rC-)
You float through the air rather than walking.
You learn spells naturally, not from books.
Your magical power is your life essence.
You have superior vitality. (+4 MHP)


Message History

You destroy the mummy priest!
Zin accepts your kill.
The sun demon disappears in a puff of smoke!
Zin accepts your kill.
You feel a bit more experienced.
The mummy priest convulses!
You destroy the mummy priest!
Zin accepts your kill.
The royal mummy convulses! x2; The sun demon convulses!
Zin accepts your kill.
You feel a bit more experienced.
The guardian mummy convulses!
You destroy the guardian mummy!
Zin accepts your kill.
The mummy convulses!
You destroy the mummy!
Zin accepts your kill.
The guardian mummy convulses!
You destroy the guardian mummy!
Zin accepts your kill.
The royal mummy convulses!
The mummy priest convulses!
The royal mummy convulses!
You destroy the royal mummy!
Zin accepts your kill.
The mummy priest convulses!
You destroy the mummy priest!
Zin accepts your kill.
The phantasmal warrior convulses!
You feel extremely nervous for a moment...
Pain shoots through your body!!
* * * LOW HITPOINT WARNING * * *
You feel extremely nervous for a moment...
You feel horribly lethargic.
You feel as though you will be slow longer.
You feel extremely nervous for a moment...
Pain shoots through your body!
* * * LOW HITPOINT WARNING * * *
You feel extremely nervous for a moment...
Your bones ache.
You feel extremely nervous for a moment...
Pain shoots through your body!
You die...

...▓ .......▓▓
.......§▓▓
.......M.▓▓
......Z...▓▓
.......M3.s▓▓
.......§§.†.▓▓
......M.§.§.§▓▓
.....Z.Z.§..b@▓
...M.Z.s§M§..▓▓
.....ZZM9...▓▓
....W...MM§▓▓
...9Z.M9.s▓▓
.......ss▓▓
......W§▓▓
.......▓▓


You could see 4 royal mummies, 4 emperor scorpions, a bennu, a mummy priest
(can't see you, dazed), a sun demon (summoned, can't see you, dazed), a
phantasmal warrior (summoned, dazed) and 2 ushabtiu.

Vanquished Creatures
  the Royal Jelly (Slime:5)
  2 dread liches (Zig:9)
  Mara (Shoals:4)
  2 pandemonium lords (Zig:21)
  An orb of fire (Zot:5)
  13 royal mummies
  Josephina (Depths:3)
  7 Killer Klowns
  4 shard shrikes
  Bai Suzhen (Vaults:2)
  Frederick (Vaults:4)
  4 curse toes
  Vashnia (Snake:3)
  Xtahua (Vaults:5)
  A caustic shrike (shapeshifter) (Abyss:3)
  3 caustic shrikes
  16 golden dragons
  Nikola (Shoals:4)
  The ghost of Charly the Black Belt, an adept DsMo of Cheibriados (Vaults:4)
  A hellephant (Zig:8)
  An electric golem (Zot:1)
  Zenata (Elf:2)
  9 Ice Fiends
  2 walking crystal tomes (Depths:4)
  15 tentacled monstrosities
  Mlioglotl (Shoals:1)
  Rupert (D:15)
  A quicksilver dragon (shapeshifter) (Zig:21)
  17 Orb Guardians (Zot:5)
  6 liches
  A deep elf master archer (Elf:3)
  A walking earthen tome (Depths:4)
  4 quicksilver dragons
  2 deep elf blademasters (Elf:3)
  A walking frostbound tome (Depths:4)
  5 death cobs
  5 sphinxes
  5 titans (Vaults:5)
  3 ancient champions
  A tentacled starspawn (Abyss:2)
  21 acid blobs
  Agnes (Snake:3)
  Gastronok (Lair:2)
  A kraken (Shoals:1)
  Frances (Shoals:2)
  A thorn hunter (Zig:23)
  2 shadow dragons
  3 tengu reavers
  Donald (Shoals:4)
  14 nagarajas
  13 rockslimes
  A revenant (Zig:9)
  18 azure jellies
  Ilsuiw (Shoals:2)
  7 storm dragons
  5 narguns (Zig:15)
  10 fire giants
  16 frost giants
  A daeva (Abyss:3)
  17 vault wardens
  3 orc warlords (Vaults:2)
  12 ghost moths
  6 draconian monks
  22 draconian knights
  Louise (Shoals:4)
  3 emperor scorpions
  Aizul (Snake:4)
  A caustic shrike zombie (Zig:22)
  An iron dragon (Vaults:5)
  4 draconian scorchers
  7 draconian annihilators
  A cacodemon (Gauntlet)
  2 juggernaut zombies
  9 deep elf sorcerers
  4 spriggan defenders
  2 deep elf elementalists (Elf:3)
  A balrug (Zig:2)
  A reaper (Depths:3)
  7 draconian shifters
  17 ironbound preservers
  19 quicksilver oozes
  3 draconian stormcallers
  3 demonspawn blood saints (Zig:11)
  19 very ugly things
  2 caustic shrike skeletons
  14 stone giants
  2 war gargoyles
  5 vampire knights
  6 ironbound thunderhulks
  The ghost of Woseahof the Marksspriggan, a journeyman SpAM of Elyvilon (Snake:2)
  8 deep elf annihilators
  2 bennus (Zig:18)
  8 deep elf demonologists
  5 wendigos (Zig:15)
  7 entropy weavers
  14 purple draconians
  13 dire elephants
  An eleionoma (Zig:19)
  11 green draconians
  25 black draconians
  3 bunyips
  9 white draconians
  A minotaur (Gauntlet)
  10 red draconians
  4 spark wasps
  12 yellow draconians
  Snorg (D:13)
  5 deep elf death magi
  9 blizzard demons
  7 fire dragons
  8 merfolk javelineers
  14 mummy priests
  13 ettins
  3 crystal guardians
  2 eidola
  A spectral kraken (Shoals:4)
  10 yaktaur captains
  12 merfolk impalers
  8 green deaths (Zig:23)
  A spriggan zombie (Zig:18)
  9 deep elf high priests
  17 ice dragons
  12 great orbs of eyes
  4 rakshasas
  A shambling mangrove (Zig:3)
  29 vault guards
  18 naga warriors
  2 peacekeepers
  7 anacondas
  A great orb of eyes (shapeshifter) (Abyss:3)
  21 hydras
  3 catoblepae
  8 spriggan air magi
  5 radroaches
  7 boulder beetles
  Erica (Lair:2)
  14 centaur warriors
  2 hell beasts (Depths:3)
  9 ironbound frosthearts
  4 ogre magi
  A satyr (shapeshifter) (Depths:4)
  2 merfolk avatars
  9 merfolk aquamancers
  A spriggan skeleton (Zig:22)
  11 death yaks
  7 alligators
  22 two-headed ogres
  An alligator snapping turtle (Shoals:4)
  4 dancing weapons
  12 tengu warriors
  10 death scarabs
  3 satyrs
  9 thrashing horrors
  11 naga sharpshooters
  9 vampire magi
  6 deep troll shamans
  9 deep troll earth magi
  4 deep elf knights (Elf:3)
  3 shock serpents
  9 hell knights
  A shock serpent (shapeshifter) (Vaults:5)
  5 spriggan berserkers
  3 skeletal warriors (Vaults:2)
  2 titan skeletons
  A soul eater (Zig:9)
  A golden dragon zombie (Depths:1)
  2 sixfirhies (Abyss:3)
  3 wretched stars (Abyss:3)
  7 salamander mystics
  A shadow wraith (Vaults:5)
  9 spriggans
  A fire crab (Zig:2)
  9 iron trolls
  4 goliath frogs
  5 pharaoh ants
  7 orb spiders
  5 steelbarb worms
  A glowing orange brain (shapeshifter) (Vaults:5)
  6 glowing orange brains
  25 sea snakes
  49 deep trolls
  8 wizards
  7 death drakes
  2 flayed ghosts
  2 bog bodies (Zig:23)
  2 spatial maelstroms (Abyss:3)
  2 shadow demons
  8 swamp dragons
  A spriggan simulacrum (IceCv)
  7 naga ritualists
  32 harpies
  3 obsidian statues
  10 deep elf archers
  26 starcursed masses
  8 phantasmal warriors
  4 lindwurms
  An iron dragon zombie (Zig:18)
  10 orc knights
  9 necromancers
  20 deep elf pyromancers
  7 mana vipers
  8 wolf spiders
  19 deep elf zephyrmancers
  A shadow dragon skeleton (Vaults:2)
  32 ugly things
  A wolf spider (shapeshifter) (Abyss:3)
  18 ironbound convokers
  13 cyclopes
  12 shining eyes
  26 manticores
  2 sphinx skeletons (Zig:22)
  4 orc sorcerers
  11 salamanders
  18 fauns
  A cyclops (shapeshifter) (Abyss:3)
  A shining eye (shapeshifter) (Vaults:5)
  2 will-o-the-wisps
  A moth of wrath (shapeshifter) (Depths:4)
  3 tengu skeletons
  3 worldbinders (Abyss:3)
  19 elephants
  30 moths of wrath
  20 merfolk sirens
  A dire elephant zombie (Abyss:2)
  16 naga magi
  21 vault sentinels
  8 water nymphs
  3 guardian serpents (shapeshifter)
  A titan simulacrum (Depths:3)
  6 human skeletons (Vaults:2)
  A rust devil (Gauntlet)
  32 black mambas
  2 gargoyles (Gauntlet)
  12 guardian serpents
  18 torpor snails
  A spectral sea snake (Shoals:4)
  3 apocalypse crabs
  A water nymph (shapeshifter) (Vaults:5)
  5 smoke demons (Abyss:3)
  4 eyes of devastation
  20 cane toads
  9 unseen horrors
  5 demonic crawlers
  An anaconda simulacrum (IceCv)
  2 tormentors (Zig:15)
  3 hellions
  3 rime drakes
  9 ice devils
  A yaktaur (shapeshifter) (Abyss:3)
  A komodo dragon (shapeshifter) (D:13)
  16 komodo dragons
  26 yaktaurs
  7 tengu conjurers
  2 hellwings
  14 freezing wraiths
  5 efreet
  A yaktaur skeleton (Vaults:2)
  2 red devils (Depths:2)
  2 golden dragon simulacra (Zig:20)
  20 ancient zymes
  17 guardian mummies
  A troll (shapeshifter) (D:13)
  A meliai (Zig:17)
  49 merfolk
  12 trolls
  11 wind drakes
  2 tengu simulacra
  A sphinx simulacrum (Zig:20)
  A meliai (shapeshifter) (D:13)
  6 tyrant leeches
  11 raiju (Abyss:3)
  11 large abominations
  2 tarantellas (Zig:14)
  22 hornets
  2 polar bears
  A blink frog (shapeshifter) (D:14)
  135 slime creatures
  16 snapping turtles
  22 blink frogs
  3 culicivoras (Zig:17)
  2 centaur simulacra (D:13)
  A ynoxinul (Gauntlet)
  6 air elementals
  A culicivora (shapeshifter) (D:13)
  11 flying skulls
  2 shadows
  A dire elephant simulacrum (IceCv)
  3 jumping spiders
  17 wyverns
  2 wraiths
  2 vampires
  A human (shapeshifter) (D:12)
  12 water elementals
  3 fire bats (Volcano)
  7 fire elementals
  10 golden eyes
  A hog (shapeshifter) (Elf:2)
  5 basilisks
  5 steam dragons
  37 yaks
  8 redbacks
  4 minotaur simulacra (IceCv)
  7 ushabtiu
  5 chaos spawn
  A warg (Vaults:5)
  5 neqoxecs
  2 elf skeletons (Vaults:2)
  A warg (shapeshifter) (D:14)
  11 spatial vortices (Abyss:3)
  A spectral snapping turtle (Shoals:4)
  2 acid dragons (D:12)
  30 water moccasins
  36 nagas
  7 floating eyes
  28 orc warriors
  2 ice beasts (Zig:20)
  2 sky beasts
  9 small abominations (Abyss:3)
  An ettin simulacrum (IceCv)
  17 wolves
  6 boggarts
  7 centaurs
  29 ogres
  A lemure (D:9)
  2 phantoms
  14 bullfrogs
  A kobold brigand (D:10)
  A bullfrog (shapeshifter) (Vaults:5)
  An earth elemental (Elf:3)
  A human simulacrum (Depths:3)
  4 scorpions
  A glowing shapeshifter simulacrum (Zig:20)
  3 deep troll simulacra (IceCv)
  2 wights (Abyss:3)
  A lindwurm simulacrum (IceCv)
  20 killer bees
  2 electric eels
  3 howler monkeys
  A quasit (Abyss:3)
  19 orc priests
  3 hounds
  A human zombie (D:4)
  2 gnoll shamans
  9 jellies (Slime:2)
  4 iron imps (Gauntlet)
  An iguana (D:4)
  A scorpion zombie (D:4)
  21 orc wizards
  4 hell rats (Lair:4)
  A hound zombie (D:4)
  23 mummies
  11 adders
  11 gnolls
  4 shadow imps
  2 white imps
  4 ufetubi
  2 adder zombies (D:4)
  A dart slug (D:2)
  97 orcs
  4 bats
  10 endoplasms
  2 giant cockroaches (D:2)
  7 goblins
  11 hobgoblins
  8 jackals
  10 kobolds
  4 quokkas
  4 ball pythons
  3 frilled lizards
  2 rats
  45 fire vortices
  4 lurking horrors (Abyss:3)
  5 pillars of salt
  2 tentacles (Shoals:1)
2924 creatures vanquished.

Vanquished Creatures (collateral kills)
  A dread lich (Zot:5)
  2 orbs of fire (Zot:5)
  The ghost of Odghynix the Wrestler, a master TrAr of Okawaru (Zot:1)
  2 ancient liches
  A juggernaut (Depths:4)
  Mennas (Vaults:2)
  4 royal mummies
  3 Killer Klowns (Zot:5)
  A caustic shrike (Zig:8)
  A curse toe (Zot:5)
  A pandemonium lord (Zig:1)
  5 golden dragons
  A bone dragon (Abyss:3)
  3 electric golems
  14 tentacled monstrosities
  An Ice Fiend (Zig:15)
  8 Orb Guardians (Zot:5)
  2 liches
  A walking divine tome (Depths:4)
  A titan (Vaults:4)
  2 acid blobs (Slime:5)
  A death cob (Zot:2)
  An ancient champion (Zig:7)
  3 tentacled starspawn (Abyss:3)
  7 shadow dragons
  9 storm dragons
  A draconian monk (Zot:2)
  A rockslime (Slime:4)
  2 fire giants
  3 frost giants
  A deep elf sorcerer (Elf:3)
  2 azure jellies
  A ghost moth (Zig:17)
  An iron dragon (Depths:3)
  3 vault wardens
  2 draconian annihilators
  A caustic shrike zombie (Zig:18)
  2 draconian stormcallers
  A ghoul (Zig:7)
  A reaper (Abyss:3)
  A caustic shrike skeleton (Abyss:3)
  A spriggan defender (Depths:4)
  2 juggernaut skeletons
  4 vampire knights
  4 bennus (Zig:22)
  4 very ugly things
  3 green draconians
  2 red draconians (Zot:5)
  A lorocyproca (Abyss:3)
  3 purple draconians
  2 black draconians
  2 yellow draconians
  A white draconian (Zot:3)
  A bunyip (Zig:23)
  A bunyip (shapeshifter) (Abyss:3)
  A dire elephant (Zig:8)
  A deep elf annihilator (Elf:3)
  2 green deaths (Zig:23)
  4 crystal guardians
  2 mummy priests
  2 deep elf death magi (Elf:3)
  A fire dragon (Zot:3)
  A jiangshi (Zig:7)
  A spriggan zombie (Zig:24)
  A rakshasa (Abyss:3)
  A spriggan skeleton (Depths:1)
  A hydra (Zig:8)
  4 ice dragons
  A two-headed ogre (D:8)
  6 death yaks
  A death scarab (Zig:24)
  A tengu warrior (D:10)
  7 dancing weapons (Elf:2)
  2 vampire magi
  A spriggan (Zig:23)
  7 thrashing horrors (Abyss:3)
  A soul eater (Zig:7)
  Nergalle (D:11)
  A deep elf knight (Elf:2)
  A skeletal warrior (Vaults:2)
  A sixfirhy (Abyss:3)
  A spatial maelstrom (Abyss:3)
  A bunyip zombie (Abyss:3)
  A spriggan druid (Zig:23)
  3 wretched stars (Abyss:3)
  A storm dragon skeleton (Zig:18)
  A flayed ghost (Zig:7)
  An orange crystal statue (Gauntlet)
  A deep elf archer (Elf:3)
  A shadow demon (Abyss:3)
  An ironbound convoker (Vaults:1)
  An orc knight (D:10)
  Pikel (D:9)
  An iron dragon zombie (Zig:18)
  A will-o-the-wisp (Abyss:3)
  A shadow dragon skeleton (Zig:18)
  A fire giant zombie (Depths:1)
  A worldbinder (Abyss:3)
  2 ugly things
  An elephant (Zig:8)
  4 moths of wrath
  An apocalypse crab (Abyss:3)
  A guardian serpent (Abyss:3)
  4 black mambas
  An orange demon (Abyss:3)
  2 smoke demons (Abyss:3)
  A yaktaur (shapeshifter) (Abyss:3)
  A rime drake (Lair:1)
  A freezing wraith (Abyss:3)
  2 yaktaurs (Vaults:1)
  An efreet (Abyss:3)
  An unseen horror (Abyss:3)
  2 komodo dragons
  A troll (D:11)
  2 ancient zymes
  2 hornets
  A tarantella (Zig:19)
  A slime creature (shapeshifter) (Abyss:3)
  6 raiju (Abyss:3)
  A slime creature (Slime:3)
  6 large abominations (Abyss:3)
  An air elemental (Elf:2)
  A shadow (Abyss:3)
  5 flying skulls
  A culicivora (Zig:17)
  7 ynoxinuls (Abyss:3)
  13 starcursed masses (Abyss:3)
  19 yaks
  A wraith (D:9)
  2 wyverns
  A neqoxec (Abyss:3)
  2 golden eyes (Abyss:3)
  A steam dragon (D:9)
  2 chaos spawn (Abyss:3)
  An elf skeleton (Vaults:2)
  2 redbacks
  A vampire mosquito (D:13)
  A spatial vortex (Abyss:3)
  3 hell hounds (Abyss:3)
  4 water moccasins
  A black bear (D:8)
  An ice beast (D:7)
  2 orc warriors
  8 small abominations (Abyss:3)
  A centaur (D:10)
  4 necrophages (D:4)
  An earth elemental (Elf:3)
  10 wights
  A jelly (D:7)
  A quasit (Abyss:3)
  An orc priest (D:9)
  3 iron imps
  A hell rat (Lair:4)
  A scorpion zombie (D:4)
  4 nameless horrors
  9 mummies
  A white imp (Abyss:3)
  3 ufetubi
  7 orcs
  A fire vortex (Zig:21)
  2 starspawn tentacles (Abyss:3)
379 creatures vanquished.

Vanquished Creatures (others)
  The ghost of bmj180 the Eclecticist, an adept DrCj of Vehumet (Shoals:4)
  A lich (Vaults:5)
  A bennu (Zig:22)
  A manticore (D:13)
  A spectral alligator snapping turtle (Shoals:4)
  A troll (D:10)
  A large abomination (Abyss:3)
  A slime creature (Slime:3)
  A golden eye (Abyss:3)
  2 spectral snapping turtles (Shoals:4)
  A glowing shapeshifter simulacrum (Depths:3)
  An orc (D:9)
  3 ball lightnings (Shoals:4)
  A bush (Lair:5)
  4 demonic plants (Gauntlet)
  331 fire vortices
  9 foxfires
  46 fungi
  3 lurking horrors (Abyss:3)
  9 pillars of salt
  286 plants
  4 starspawn tentacles (Abyss:3)
  10 tentacles
719 creatures vanquished.

Grand Total: 4022 creatures vanquished

Notes
Turn   | Place    | Note
-------+----------+-------------------------------------------
     0 | D:1      | Anon1729 the Djinni Venom Mage began the quest for the Orb.
     0 | D:1      | Reached XP level 1. HP: 15/15 MP: 0/0
   728 | D:1      | Reached XP level 2. HP: 14/21 MP: 0/0
  2043 | D:2      | Reached XP level 3. HP: 22/25 MP: 0/0
  2043 | D:2      | Learned a level 1 spell: Beastly Appendage
  2710 | D:2      | Reached XP level 4. HP: 3/31 MP: 0/0
  3267 | D:3      | Reached skill level 3 in Spellcasting
  4035 | D:3      | Found an iron altar of Okawaru.
  4175 | D:3      | Reached XP level 5. HP: 32/35 MP: 0/0
  4175 | D:3      | Learned a level 2 spell: Wereblood
  4238 | D:3      | Found a sparkling altar of Nemelex Xobeh.
  4432 | D:4      | Found an ornate altar of the Wu Jian Council.
  4436 | D:4      | Noticed Grinder
  4759 | D:4      | Found a runed translucent door.
  4760 | D:4      | Noticed kae's ghost (amateur TeFE)
  5018 | D:4      | Found a runed translucent door.
  5221 | D:4      | Reached XP level 6. HP: 23/40 MP: 0/0
  6372 | D:4      | Reached XP level 7. HP: 44/45 MP: 0/0
  6372 | D:4      | Learned a level 2 spell: Call Imp
  6594 | D:4      | Reached skill level 5 in Dodging
  6594 | D:4      | Reached skill level 4 in Spellcasting
  6962 | D:4      | Reached XP level 8. HP: 19/50 MP: 0/0
  7328 | D:4      | Found a basalt altar of Yredelemnul.
  7455 | D:5      | Entered Level 5 of the Dungeon
  7979 | D:5      | Found a staircase to the Ecumenical Temple.
  8021 | Temple   | Entered the Ecumenical Temple
  8062 | Temple   | Became a worshipper of Zin the Law-Giver
  8062 | Temple   | Reached * piety under Zin
  8523 | D:5      | Found the dreamshard necklace {*Dream Drain}
  8668 | D:5      | Fell from the grace of Zin
  9077 | D:5      | Reached skill level 5 in Stealth
 10162 | D:6      | Reached skill level 5 in Spellcasting
 10469 | D:6      | Reached XP level 9. HP: 26/55 MP: 0/0
 10469 | D:6      | Learned a level 4 spell: Summon Ice Beast
 10826 | D:6      | Found Vumirgh's General Store.
 11012 | D:7      | Found Ratior's Jewellery Boutique.
 11013 | D:7      | Noticed a hornet
 11018 | D:7      | Killed a hornet
 11287 | D:7      | Noticed a green ugly thing
 11328 | D:7      | Killed a green ugly thing
 11662 | D:7      | Reached skill level 6 in Spellcasting
 12188 | D:7      | Reached XP level 10. HP: 20/60 MP: 0/0
 12701 | D:8      | Noticed a two-headed ogre
 13092 | D:8      | Killed a two-headed ogre
 13308 | D:8      | Reached skill level 7 in Spellcasting
 13963 | D:9      | Reached skill level 10 in Dodging
 14480 | D:9      | Reached XP level 11. HP: 42/65 MP: 0/0
 14480 | D:9      | Learned a level 4 spell: Summon Lightning Spire
 14656 | D:9      | Noticed Pikel
 14669 | D:9      | Noticed a death yak
 14696 | D:9      | Killed Pikel
 14710 | D:9      | Killed a death yak
 14960 | D:9      | Noticed an eight-headed hydra
 15000 | D:9      | Found a staircase to the Orcish Mines.
 15005 | D:9      | Identified the +11 hunting sling "Senleuk" {speed, Dex+4}
 15008 | D:9      | Killed an eight-headed hydra
 15009 | D:9      | Reached skill level 8 in Spellcasting
 15382 | D:9      | Noticed a death yak
 15383 | D:9      | Noticed a death yak
 15396 | D:9      | Noticed a death yak
 15476 | D:9      | Killed a death yak
 15837 | D:9      | Noticed a death yak
 16033 | D:8      | Killed a death yak
 16467 | D:9      | Found a staircase to the Lair.
 16520 | D:9      | Found the +1 robe of Vines {NoPotionHeal Regen++++}
 16786 | D:9      | Killed a death yak
 16788 | D:9      | Reached XP level 12. HP: 70/70 MP: 0/0
 16801 | D:9      | Killed a death yak
 16802 | D:9      | Reached skill level 10 in Stealth
 17135 | D:10     | Entered Level 10 of the Dungeon
 17146 | D:10     | Noticed a tengu warrior
 17164 | D:10     | Killed a tengu warrior
 17199 | D:10     | Found the +18 Lear's hauberk
 17627 | D:10     | Found a snail-covered altar of Cheibriados.
 17686 | D:10     | Reached skill level 9 in Spellcasting
 18097 | D:10     | Found a bloodstained altar of Trog.
 18097 | D:10     | Found a hazy altar of Hepliaklqana.
 18097 | D:10     | Found a hide-covered altar of Uskayaw.
 18113 | D:10     | Found a broken altar of Ashenzari.
 18113 | D:10     | Found a stormy altar of Qazlal.
 18223 | D:11     | Noticed Nergalle
 18235 | D:11     | Killed Nergalle
 18247 | D:11     | Noticed a two-headed ogre
 18256 | D:11     | Killed a two-headed ogre
 18295 | D:11     | Reached skill level 1 in Slings
 18813 | Lair:1   | Entered Level 1 of the Lair of Beasts
 19194 | Lair:1   | Reached XP level 13. HP: 75/75 MP: 0/0
 19194 | Lair:1   | Learned a level 5 spell: Lightning Bolt
 19339 | Lair:1   | Noticed an eight-headed hydra
 19366 | Lair:1   | Killed an eight-headed hydra
 19753 | Lair:2   | Found a staircase to the Snake Pit.
 19786 | Lair:2   | Noticed Gastronok
 19803 | Lair:2   | Killed Gastronok
 19804 | Lair:2   | Reached skill level 10 in Spellcasting
 19980 | Lair:2   | Noticed Erica
 19987 | Lair:2   | Killed Erica
 20647 | Lair:3   | Found a gate leading to a gauntlet.
 20688 | Lair:3   | Identified the +4 scimitar of Kindness {antimagic, Str+2}
 20694 | Lair:3   | Noticed a catoblepas
 20704 | Lair:3   | Killed a catoblepas
 20738 | Lair:3   | Found a dark tunnel.
 20743 | Volcano  | Entered a volcano
 20819 | Volcano  | Reached XP level 14. HP: 35/80 MP: 0/0
 21127 | Gauntlet | Entered a Gauntlet
 21127 | Gauntlet | Found a transporter.
 21139 | Gauntlet | Found a transporter.
 21142 | Gauntlet | Found a transporter.
 21143 | Gauntlet | Found a transporter.
 21151 | Gauntlet | Found a transporter.
 21154 | Gauntlet | Found a transporter.
 21155 | Gauntlet | Found a transporter.
 21164 | Gauntlet | Found a transporter.
 21167 | Gauntlet | Found a transporter.
 21168 | Gauntlet | Found a transporter.
 21171 | Gauntlet | Noticed a cacodemon
 21176 | Gauntlet | Found a transporter.
 21179 | Gauntlet | Found a transporter.
 21180 | Gauntlet | Found a transporter.
 21191 | Gauntlet | Found a transporter.
 21504 | Gauntlet | Gained mutation: You are frail. (-10% HP) [a cacodemon]
 21505 | Gauntlet | Gained mutation: You tend to lose your temper in combat. [a
                  | neqoxec]
 21511 | Gauntlet | Gained mutation: Potions are less effective at restoring
                  | your health. [a cacodemon]
 21524 | Gauntlet | Killed a cacodemon
 21528 | Gauntlet | Identified the amulet of Wu Jian's Regard {Spirit *Slow
                  | +Inv rPois Dex+3}
 21600 | Gauntlet | Noticed a minotaur
 21625 | Gauntlet | Killed a minotaur
 21759 | Lair:3   | Reached skill level 11 in Spellcasting
 22282 | Lair:4   | Reached skill level 15 in Dodging
 22311 | Lair:4   | Found a staircase to the Shoals.
 23287 | Lair:4   | Reached XP level 15. HP: 27/76 MP: 0/0
 23287 | Lair:4   | Learned a level 6 spell: Eringya's Noxious Bog
 23932 | Lair:6   | Entered Level 6 of the Lair of Beasts
 24099 | Lair:6   | Found a runed translucent door.
 24103 | Lair:6   | Reached skill level 12 in Spellcasting
 24448 | Lair:6   | Reached XP level 16. HP: 46/81 MP: 0/0
 24667 | Lair:6   | Identified a scroll of acquirement
 24675 | Lair:6   | Found a staircase to the Slime Pits.
 24676 | Lair:6   | Found a viscous altar of Jiyva.
 25420 | Orc:1    | Entered Level 1 of the Orcish Mines
 25884 | Orc:2    | Entered Level 2 of the Orcish Mines
 26016 | Orc:2    | Found Lekuph's Firing Range.
 26594 | Orc:2    | Found Kasosm's General Store.
 26596 | Orc:2    | Found Nowies's Book Emporium.
 26596 | Orc:2    | Found Lofuul's Antique Weapon Shoppe.
 26597 | Orc:2    | Found Huatak's General Store.
 26613 | Orc:2    | Bought a scroll of teleportation for 36 gold pieces
 26613 | Orc:2    | Bought a potion of ambrosia for 96 gold pieces
 26651 | Orc:2    | Reached skill level 15 in Stealth
 26745 | Orc:2    | Found a staircase to the Elven Halls.
 27042 | Elf:1    | Entered Level 1 of the Elven Halls
 27074 | Elf:1    | Reached skill level 13 in Spellcasting
 27095 | Elf:1    | Paralysed by an air elemental for 1 turns
 28460 | D:12     | Found a portal to a secret trove of treasure.
 28711 | D:13     | Noticed Snorg
 28717 | D:13     | Killed Snorg
 28734 | D:13     | Reached XP level 17. HP: 60/84 MP: 0/0
 28734 | D:13     | Learned a level 7 spell: Ozocubu's Refrigeration
 28825 | D:12     | Lost mutation: Potions are less effective at restoring your
                  | health. [potion of mutation]
 28825 | D:12     | Lost mutation: You tend to lose your temper in combat.
                  | [potion of mutation]
 28825 | D:12     | Gained mutation: You expend health (3 HP) to strengthen
                  | your wands. [potion of mutation]
 28826 | D:12     | Lost mutation: You are frail. (-10% HP) [potion of
                  | mutation]
 28826 | D:12     | Lost mutation: You expend health (3 HP) to strengthen your
                  | wands. [potion of mutation]
 28826 | D:12     | Gained mutation: You sometimes lose the ability to read
                  | scrolls when taking damage. [potion of mutation]
 28826 | D:12     | Gained mutation: You are frail. (-10% HP) [potion of
                  | mutation]
 28826 | D:12     | Gained mutation: You are very frail. (-20% HP) [potion of
                  | mutation]
 28826 | D:12     | Gained mutation: You are strong-willed. (Will+) [potion of
                  | mutation]
 28827 | D:12     | Lost mutation: You are very frail. (-20% HP) [potion of
                  | mutation]
 28827 | D:12     | Lost mutation: You are strong-willed. (Will+) [potion of
                  | mutation]
 28827 | D:12     | Gained mutation: You expend health (3 HP) to strengthen
                  | your wands. [potion of mutation]
 28827 | D:12     | Gained mutation: You passively dampen the noise of your
                  | surroundings. [potion of mutation]
 28828 | D:12     | Lost mutation: You expend health (3 HP) to strengthen your
                  | wands. [potion of mutation]
 28828 | D:12     | Lost mutation: You passively dampen the noise of your
                  | surroundings. [potion of mutation]
 28828 | D:12     | Lost mutation: You are frail. (-10% HP) [potion of
                  | mutation]
 28828 | D:12     | Gained mutation: You are strong-willed. (Will+) [potion of
                  | mutation]
 28828 | D:12     | Gained mutation: You are agile. (Dex +2) [potion of
                  | mutation]
 29111 | D:13     | Identified the +3 dagger of Nice Trial by Ordeal {vorpal,
                  | Str+4}
 29671 | D:13     | Found a hide-covered altar of Uskayaw.
 29913 | D:14     | Found Fumir's Island Escapes.
 29935 | D:14     | Bought a scroll of fog for 30 gold pieces
 29935 | D:14     | Bought a scroll of teleportation for 45 gold pieces
 29935 | D:14     | Bought a scroll of teleportation for 45 gold pieces
 29935 | D:14     | Bought a scroll of teleportation for 45 gold pieces
 29935 | D:14     | Bought a scroll of fog for 30 gold pieces
 29935 | D:14     | Bought a scroll of fog for 30 gold pieces
 29935 | D:14     | Bought a scroll of blinking for 112 gold pieces
 30116 | D:14     | Found a gate to the Vaults.
 30340 | D:14     | Found a frozen archway.
 30464 | IceCv    | Entered an ice cave
 30597 | IceCv    | Noticed an Ice Fiend
 30620 | IceCv    | Killed an Ice Fiend
 30621 | IceCv    | Reached skill level 14 in Spellcasting
 30867 | IceCv    | Identified the +0 ice dragon scales of the Burning God
                  | {-Tele rF- rC++ Will++ Regen+ Dex+4}
 31259 | D:15     | Entered Level 15 of the Dungeon
 31438 | D:15     | Reached XP level 18. HP: 87/100 MP: 0/0
 31451 | D:15     | HP: 5/100 [something (17)]
 31481 | D:15     | Found a staircase to the Depths.
 31734 | D:15     | Noticed Rupert
 31928 | D:15     | Identified the +1 helmet "Amucisus" {rF+}
 32320 | Orc:2    | Bought a potion of mutation for 96 gold pieces
 32321 | Orc:2    | Lost mutation: You sometimes lose the ability to read
                  | scrolls when taking damage. [potion of mutation]
 32321 | Orc:2    | Lost mutation: You are agile. (Dex +2) [potion of mutation]
 32321 | Orc:2    | Lost mutation: You are strong-willed. (Will+) [potion of
                  | mutation]
 32321 | Orc:2    | Gained mutation: You tend to lose your temper in combat.
                  | [potion of mutation]
 32607 | D:15     | Killed Rupert
 32931 | Temple   | Became a worshipper of Zin the Law-Giver
 32931 | Temple   | Reached ** piety under Zin
 33244 | Snake:1  | Entered Level 1 of the Snake Pit
 33270 | Snake:1  | Reached *** piety under Zin
 33336 | Snake:1  | Reached skill level 1 in Fighting
 33336 | Snake:1  | Reached skill level 1 in Invocations
 33562 | Snake:1  | Reached **** piety under Zin
 34276 | Snake:2  | You are sucked into a shaft and drop 1 floor!
 34380 | Snake:3  | Found Bete's Book Emporium.
 34550 | Snake:3  | Noticed Agnes
 34556 | Snake:3  | Killed Agnes
 34871 | Snake:3  | Identified the +0 robe of the Present {Rampage rC+ Dex-5
                  | Slay+6}
 35182 | Snake:3  | Noticed Vashnia
 35200 | Snake:3  | Killed Vashnia
 35203 | Snake:3  | Reached skill level 5 in Invocations
 35532 | Snake:3  | Reached ***** piety under Zin
 35803 | Snake:2  | Found Vudoshra's Weapon Emporium.
 35809 | Snake:2  | Found Hel Opix's Jewellery Shoppe.
 35824 | Snake:2  | Found a runed translucent gate.
 35824 | Snake:2  | Found a runed translucent gate.
 35828 | Snake:2  | Found a runed translucent gate.
 35830 | Snake:2  | Found an opulent altar of Gozag.
 35830 | Snake:2  | Noticed Woseahof's ghost (journeyman SpAM)
 35865 | Snake:2  | Reached skill level 5 in Fighting
 36135 | Snake:2  | Reached XP level 19. HP: 103/117 MP: 0/0
 36135 | Snake:2  | Learned a level 7 spell: Orb of Destruction
 36136 | Snake:2  | Killed Woseahof's ghost
 36269 | Snake:4  | Entered Level 4 of the Snake Pit
 36269 | Snake:4  | Found Tedavut's Assorted Antiques.
 36273 | Snake:4  | Bought a wand of iceblast (4) for 108 gold pieces
 36273 | Snake:4  | Bought a scroll of enchant weapon for 202 gold pieces
 36273 | Snake:4  | Bought a scorched falchion for 216 gold pieces
 36273 | Snake:4  | Identified the +10 falchion of Luckadut {protect, rElec
                  | Str+4} (You bought it in a shop on level 4 of the Snake
                  | Pit)
 36462 | Snake:4  | Found Fapsueteawn's Armour Shoppe.
 36467 | Snake:4  | Bought a +2 pair of gloves for 297 gold pieces
 36734 | Snake:4  | Noticed Aizul
 36741 | Snake:4  | Killed Aizul
 36817 | Snake:4  | Found Hogaxkih's Antique Armour Shoppe.
 36877 | Snake:4  | Reached ****** piety under Zin
 37041 | Snake:4  | Found Unus's Magic Scroll Emporium.
 37049 | Snake:4  | Bought a scroll of identify for 26 gold pieces
 37049 | Snake:4  | Bought a scroll of acquirement for 676 gold pieces
 37049 | Snake:4  | Bought a scroll of teleportation for 39 gold pieces
 37049 | Snake:4  | Bought a scroll of identify for 26 gold pieces
 37049 | Snake:4  | Bought a scroll of teleportation for 39 gold pieces
 37049 | Snake:4  | Bought a scroll of identify for 26 gold pieces
 37049 | Snake:4  | Bought a scroll of identify for 26 gold pieces
 37049 | Snake:4  | Bought a scroll of teleportation for 39 gold pieces
 37049 | Snake:4  | Bought a scroll of identify for 26 gold pieces
 37049 | Snake:4  | Bought a scroll of teleportation for 39 gold pieces
 37049 | Snake:4  | Acquired the ring "Qioperuu" {Fire rElec Will+}
 37051 | Snake:4  | Acquired the ring of the Will of the Gods {rN+ AC+4 Int+4
                  | SInv}
 37434 | Snake:4  | Got a serpentine rune of Zot
 37638 | Shoals:1 | Entered Level 1 of the Shoals
 37719 | Shoals:1 | Reached skill level 15 in Spellcasting
 37885 | Shoals:1 | Noticed Mlioglotl
 37896 | Shoals:1 | Killed Mlioglotl
 38643 | Shoals:2 | Noticed Frances
 38650 | Shoals:2 | Killed Frances
 38914 | Shoals:2 | Noticed Ilsuiw
 38926 | Shoals:2 | Killed Ilsuiw
 39006 | Shoals:2 | Reached XP level 20. HP: 123/130 MP: 0/0
 39779 | Shoals:3 | Identified the +7 falchion of Discretion {protect, Str+4}
 40129 | Shoals:4 | Entered Level 4 of the Shoals
 40129 | Shoals:4 | Noticed Nikola
 40137 | Shoals:4 | Killed Nikola
 40256 | Shoals:4 | Noticed Mara
 40260 | Shoals:4 | Noticed Anon1729's illusion
 40264 | Shoals:4 | Killed Mara
 40340 | Shoals:4 | Found a transporter.
 40343 | Shoals:4 | Found a transporter.
 40345 | Shoals:4 | Noticed bmj180's ghost (adept DrCj)
 40373 | Shoals:4 | Noticed Louise
 40379 | Shoals:4 | Killed Louise
 40721 | Shoals:4 | Noticed Donald
 40726 | Shoals:4 | Killed Donald
 40921 | Shoals:4 | Got a barnacled rune of Zot
 41085 | Shoals:4 | Killed bmj180's ghost
 41153 | Shoals:4 | Identified the ring "Juf Kauc" {Drain rElec rN+ rCorr
                  | Dex+5}
 41405 | Vaults:1 | Entered Level 1 of the Vaults
 41531 | D:7      | Bought an amulet of regeneration for 450 gold pieces
 41747 | Vaults:1 | Reached XP level 21. HP: 129/140 MP: 0/0
 41747 | Vaults:1 | Learned a level 7 spell: Spellforged Servitor
 41797 | Vaults:1 | Reached skill level 1 in Shields
 42116 | Vaults:1 | Reached skill level 10 in Invocations
 42363 | Vaults:1 | Reached skill level 10 in Fighting
 42513 | Vaults:1 | Was placed under penance by Zin
 42734 | Vaults:2 | Reached skill level 16 in Spellcasting
 42763 | Vaults:2 | Was forgiven by Zin
 42803 | Vaults:2 | Noticed Mennas
 42933 | Vaults:2 | You are sucked into a shaft and drop 1 floor!
 42974 | Vaults:2 | Found a flickering gateway to a bazaar.
 42980 | Bazaar   | Entered a bazaar
 42980 | Bazaar   | Found Gaxob's Distillery.
 42980 | Bazaar   | Found Qogag's Antique Weapon Shoppe.
 42987 | Bazaar   | Bought a potion of attraction for 36 gold pieces
 42987 | Bazaar   | Bought a potion of curing for 36 gold pieces
 42987 | Bazaar   | Bought a potion of berserk rage for 60 gold pieces
 42987 | Bazaar   | Bought 2 potions of heal wounds for 120 gold pieces
 42987 | Bazaar   | Bought a potion of mutation for 96 gold pieces
 42987 | Bazaar   | Bought a potion of haste for 120 gold pieces
 42998 | Bazaar   | Found Rarek's Antique Armour Boutique.
 43016 | Bazaar   | Found Zamaecs's General Store.
 43016 | Bazaar   | Found Waskuetofe's Jewellery Emporium.
 43024 | Bazaar   | Bought a potion of resistance for 120 gold pieces
 43024 | Bazaar   | Bought a scroll of fear for 42 gold pieces
 43024 | Bazaar   | Bought a scroll of teleportation for 36 gold pieces
 43024 | Bazaar   | Bought 2 potions of brilliance for 96 gold pieces
 43024 | Bazaar   | Bought a potion of berserk rage for 60 gold pieces
 43572 | Vaults:2 | Found a staircase to the Crypt.
 43672 | Vaults:2 | Found a transporter.
 43716 | Vaults:2 | Found a transporter.
 44148 | Vaults:2 | Noticed Bai Suzhen
 44170 | Vaults:2 | Killed Bai Suzhen
 44234 | Vaults:2 | Reached skill level 5 in Shields
 44517 | Vaults:2 | Killed Mennas
 44518 | Vaults:2 | Reached XP level 22. HP: 147/150 MP: 0/0
 45780 | Vaults:4 | Found a large runed translucent door.
 45780 | Vaults:4 | Found a large runed translucent door.
 45929 | Vaults:4 | Was placed under penance by Zin
 45945 | Vaults:4 | Noticed Frederick
 45951 | Vaults:4 | Killed Frederick
 46708 | Vaults:4 | Found the +3 salamander hide armour {Flames rF++ rC--}
 46709 | Vaults:4 | Noticed Charly's ghost (adept DsMo)
 46736 | Vaults:4 | Killed Charly's ghost
 46750 | Vaults:4 | Identified the +1 whip of the Teaching Hero {vorpal, *Noise
                  | Will+ Dex+3}
 46955 | Vaults:2 | Reached XP level 23. HP: 127/158 MP: 0/0
 46955 | Vaults:2 | Learned a level 7 spell: Summon Hydra
 46977 | Vaults:2 | Was forgiven by Zin
 46979 | Vaults:2 | Identified the ring "Ynamaxt" {rPois Dex+4 Stlth+}
 46990 | Vaults:2 | Identified the ring "Joesm" {Wiz rN+ Will+ Str-2}
 47383 | Elf:2    | Noticed Zenata
 47414 | Elf:2    | Killed Zenata
 47449 | Elf:2    | Found Gupneel's Antique Weapon Boutique.
 47817 | Elf:2    | Found a runed translucent gate.
 47818 | Elf:2    | Found a runed translucent gate.
 47818 | Elf:2    | Found a runed translucent gate.
 47868 | Elf:3    | Entered Level 3 of the Elven Halls
 47884 | Elf:3    | Paralysed by an air elemental for 1 turns
 48252 | Elf:3    | Paralysed by an air elemental for 1 turns
 48780 | Elf:3    | Reached skill level 17 in Spellcasting
 49006 | Elf:3    | Identified the ring "Roxuci" {Ice rCorr Str+3 Int-2 Stlth+}
 49046 | Elf:3    | Identified the ring of Ysa Xad {Str+6 Int+3}
 49193 | Elf:3    | Identified the +1 cloak of the Catfish {Drain rElec Will+}
 49580 | Depths:1 | Entered Level 1 of the Depths
 49818 | Slime:1  | Entered Level 1 of the Pits of Slime
 49827 | Slime:1  | Reached skill level 5 in Slings
 50182 | Slime:2  | Reached XP level 24. HP: 155/167 MP: 0/0
 50188 | Slime:2  | Reached skill level 1 in Armour
 50456 | Slime:3  | Reached skill level 10 in Shields
 50485 | Slime:3  | Reached skill level 1 in Evocations
 50500 | Slime:3  | Lost mutation: You tend to lose your temper in combat.
                  | [potion of mutation]
 50976 | Slime:5  | Entered Level 5 of the Pits of Slime
 51193 | Slime:5  | Found a viscous altar of Jiyva.
 51195 | Slime:5  | Found the +4 robe of Folly {Brilliance Will-∞ Int+8}
 51201 | Slime:5  | Noticed the Royal Jelly
 51341 | Slime:5  | Killed the Royal Jelly
 51390 | Slime:5  | Identified the +0 pair of gloves of the Last Hugging Hosts
                  | {Int+2}
 51404 | Slime:5  | Got a slimy rune of Zot
 51475 | Slime:5  | Identified the amulet "Montoet" {Faith rElec rF++ rC- rN+}
 51494 | Slime:5  | Identified the +1 halberd of the Unspeakable One {vamp,
                  | Drain rF+ rC++}
 52116 | Vaults:5 | Entered Level 5 of the Vaults
 52310 | Vaults:5 | Got a silver rune of Zot
 52353 | Vaults:5 | Noticed Xtahua
 52380 | Vaults:5 | Killed Xtahua
 52381 | Vaults:5 | Reached XP level 25. HP: 175/175 MP: 0/0
 52381 | Vaults:5 | Learned a level 9 spell: Dragon's Call
 52769 | Vaults:5 | Identified the +8 giant spiked club of Ignis's Brutal
                  | Revenge {pain, Dex+5}
 53093 | Vaults:5 | Found Eghiong's General Store.
 53093 | Vaults:5 | Found Ulisal's Jewellery Shop.
 53100 | Vaults:5 | Bought a scroll of teleportation for 36 gold pieces
 53303 | Vaults:5 | Found Avaado's General Store.
 53308 | Vaults:5 | Found the +7 Spriggan's Knife {stab, EV+4 Stlth+}
 53427 | Vaults:5 | Identified the ring "Ydukaw" {rC- rN+ Str+4}
 54017 | Depths:1 | Found a one-way gate to the infinite horrors of the Abyss.
 54214 | Depths:1 | Found a gateway to Hell.
 54618 | Depths:1 | Noticed a caustic shrike
 54622 | Depths:1 | Reached skill level 15 in Invocations
 54624 | Depths:1 | Killed a caustic shrike
 54852 | Depths:1 | Reached skill level 15 in Fighting
 54852 | Depths:1 | Reached XP level 26. HP: 175/184 MP: 0/0
 54923 | Depths:1 | Reached skill level 5 in Evocations
 55023 | Depths:1 | Found a glowing golden altar of the Shining One.
 55180 | Depths:2 | Reached skill level 18 in Spellcasting
 55830 | Depths:2 | Found a one-way gate leading to the halls of Pandemonium.
 55924 | Depths:2 | Found the +6 lightning scales {swift, rElec}
 56016 | Depths:2 | Identified the +7 plate armour of the Bellicose God {Contam
                  | Will+ Int+2}
 56288 | Depths:3 | Found Cookk's CLEARANCE SALE!.
 56438 | Depths:3 | Identified the ring "Foludubb" {Ice rPois rN++ Will- Str+2}
 56438 | Depths:3 | Noticed Josephina
 56448 | Depths:3 | Killed Josephina
 56596 | Depths:3 | Reached skill level 15 in Shields
 56908 | Depths:3 | Found a one-way gateway to a ziggurat.
 57248 | Depths:3 | Identified the +6 long sword "Ynopn" {flame, rPois Will+
                  | Str+4 Int+2}
 57405 | Depths:3 | Identified the +8 plate armour "Xogh" {rPois MP-9 Slay+2}
 57582 | Depths:4 | Entered Level 4 of the Depths
 57586 | Depths:4 | Reached XP level 27. HP: 185/193 MP: 0/0
 57586 | Depths:4 | Learned a level 9 spell: Fire Storm
 58273 | Depths:4 | Noticed a juggernaut
 58279 | Depths:4 | Killed a juggernaut
 58363 | Depths:4 | Reached skill level 19 in Spellcasting
 58474 | Depths:4 | Found a gate to the Realm of Zot.
 58669 | Zot:1    | Entered Level 1 of the Realm of Zot
 58747 | Depths:4 | Gained mutation: You do not regenerate when monsters are
                  | visible. [mutagenic glow]
 58782 | Depths:3 | Voluntarily entered the Abyss.
 59178 | Abyss:3  | Lost mutation: You do not regenerate when monsters are
                  | visible. [potion of mutation]
 59515 | Abyss:3  | Found a shadowy altar of Dithmenos.
 59772 | Abyss:3  | Found a transporter.
 59774 | Abyss:3  | Found a corrupted altar of Lugonu.
 59843 | Abyss:3  | Found a transporter.
 59843 | Abyss:3  | Found a corrupted altar of Lugonu.
 59905 | Abyss:3  | Identified the amulet "Tefruir" {Acrobat rPois Will- Int+5}
 59914 | Abyss:3  | Found a transporter.
 59917 | Abyss:3  | Found a transporter.
 59977 | Abyss:3  | Found a transporter.
 60008 | Abyss:3  | Found a transporter.
 60264 | Abyss:3  | Noticed an ancient lich
 60272 | Abyss:3  | Killed an ancient lich
 60594 | Abyss:3  | Got an abyssal rune of Zot
 60653 | Depths:3 | Escaped the Abyss
 60869 | Zot:1    | Reached skill level 20 in Spellcasting
 60908 | Zot:1    | Found a transporter.
 61049 | Zot:1    | Noticed a shard shrike
 61052 | Zot:1    | Noticed Odghynix's ghost (master TrAr)
 61330 | Zot:1    | Noticed a shard shrike
 61350 | Zot:1    | Found a transporter.
 62768 | Zot:1    | Killed a shard shrike
 62769 | Zot:1    | Killed a shard shrike
 62837 | Zot:1    | Killed Odghynix's ghost
 62847 | Zot:1    | Identified the ring of the Scuffed God {rElec rF- rC+ Int+6
                  | Dex+8}
 62848 | Zot:1    | Identified the ring of Rofra {rC- rN+ Slay+2 SInv Stlth+}
 63527 | Zot:3    | Reached skill level 21 in Spellcasting
 64298 | Zot:4    | Noticed a Killer Klown
 64308 | Zot:4    | Killed a Killer Klown
 64310 | Zot:4    | Noticed a Killer Klown
 64319 | Zot:4    | Killed a Killer Klown
 64619 | Zot:5    | Entered Level 5 of the Realm of Zot
 64624 | Zot:5    | Identified the +2 pair of boots of Hospitality {rC+}
 65273 | Zot:5    | Noticed an orb of fire
 65276 | Zot:5    | Noticed a dread lich
 65288 | Zot:5    | Killed an orb of fire
 65307 | Zot:5    | Noticed a Killer Klown
 65321 | Zot:5    | Killed a Killer Klown
 65330 | Zot:5    | Killed a dread lich
 65371 | Zot:5    | Noticed a Killer Klown
 65374 | Zot:5    | Killed a Killer Klown
 65380 | Zot:5    | Noticed an orb of fire
 65383 | Zot:5    | Noticed a Killer Klown
 65387 | Zot:5    | Killed a Killer Klown
 65388 | Zot:5    | Reached skill level 22 in Spellcasting
 65396 | Zot:5    | Killed an orb of fire
 65494 | Zot:5    | Noticed an orb of fire
 65498 | Zot:5    | Noticed a Killer Klown
 65506 | Zot:5    | Noticed a Killer Klown
 65514 | Zot:5    | Noticed a Killer Klown
 65518 | Zot:5    | Killed a Killer Klown
 65523 | Zot:5    | Killed an orb of fire
 65527 | Zot:5    | Noticed an ancient lich
 65533 | Zot:5    | Killed a Killer Klown
 65538 | Zot:5    | Killed an ancient lich
 65539 | Zot:5    | Killed a Killer Klown
 66136 | Zig:1    | Entered Level 1 of a ziggurat
 66137 | Zig:1    | Noticed Wururisyre the pandemonium lord
 66144 | Zig:1    | Killed Wururisyre the pandemonium lord
 66162 | Zig:2    | Entered Level 2 of a ziggurat
 66180 | Zig:3    | Entered Level 3 of a ziggurat
 66201 | Zig:4    | Entered Level 4 of a ziggurat
 66240 | Zig:5    | Entered Level 5 of a ziggurat
 66280 | Zig:5    | Identified the +1 ring mail of the Eleven Realms {Harm
                  | rPois rF- Int+6}
 66304 | Zig:6    | Entered Level 6 of a ziggurat
 66341 | Zig:7    | Entered Level 7 of a ziggurat
 66377 | Zig:7    | Identified the ring of Pebboe Eciy {+Blink rPois rF++ rN+
                  | Dex-5}
 66389 | Zig:7    | Identified the +9 dire flail "Spiderslayer" {venom, rCorr}
 66399 | Zig:8    | Entered Level 8 of a ziggurat
 66452 | Zig:8    | Identified the +5 hand crossbow of the Radish {flame, rCorr
                  | Str+4}
 66457 | Zig:8    | Identified the +1 leather armour of Cayqyf Cuet {+Blink
                  | rElec}
 66469 | Zig:9    | Entered Level 9 of a ziggurat
 66474 | Zig:9    | Noticed a dread lich
 66474 | Zig:9    | Noticed a dread lich
 66477 | Zig:9    | Killed a dread lich
 66478 | Zig:9    | Killed a dread lich
 66515 | Zig:9    | Identified the +3 hand axe of Liezemir {distort, Stlth+}
 66523 | Zig:9    | Identified the +0 hand crossbow "Ogoam" {flame, Will+ Str+4
                  | Dex+4}
 66528 | Zig:10   | Entered Level 10 of a ziggurat
 66539 | Zig:10   | Reached skill level 23 in Spellcasting
 66553 | Zig:10   | Identified the +6 trident "Xojijoro" {freeze, rCorr MP+9
                  | Str-4}
 66560 | Zig:10   | Identified the +2 pair of gloves of Yredelemnul {Int+3}
 66572 | Zig:11   | Entered Level 11 of a ziggurat
 66614 | Zig:11   | Identified the +0 chain mail of Dishonour {rElec}
 66619 | Zig:11   | Identified the +5 hand crossbow of Havoc {freeze, Str+5}
 66622 | Zig:11   | Identified the +6 hand axe of Amortisation {elec, rElec}
 66629 | Zig:12   | Entered Level 12 of a ziggurat
 66671 | Zig:12   | Identified the amulet "Bevok" {Faith rF+ Regen+}
 66705 | Zig:13   | Entered Level 13 of a ziggurat
 66732 | Zig:13   | Identified the +7 hand axe "Lotz" {freeze, Stlth+}
 66749 | Zig:13   | Identified the +7 rapier of Etaats {antimagic, rElec rPois
                  | rN+ Will+}
 66760 | Zig:14   | Entered Level 14 of a ziggurat
 66810 | Zig:14   | Identified the +7 flail "Zonisey" {drain, Int+3}
 66826 | Zig:14   | Identified the +9 battleaxe "Niunihat" {vorpal, rCorr}
 66829 | Zig:14   | Identified the +8 eveningstar of Ruination {speed, rPois
                  | Int+4}
 66842 | Zig:15   | Entered Level 15 of a ziggurat
 66849 | Zig:15   | Noticed a shard shrike
 66851 | Zig:15   | Killed a shard shrike
 66934 | Zig:15   | Identified the +3 pair of gloves "Bophurhy" {rF++ Int+4}
 66955 | Zig:15   | Identified the +1 robe of Compression {Rampage Drain Regen+
                  | Dex+5}
 66965 | Zig:15   | Identified the +5 chain mail of Limited Liability {rC+
                  | Will+ rCorr Dex-5}
 66969 | Zig:16   | Entered Level 16 of a ziggurat
 67023 | Zig:16   | Identified the +9 great sword of the Fool {freeze, rF+
                  | Str+5}
 67027 | Zig:16   | Identified the +8 scimitar of Twilight {vorpal, Will+
                  | Dex+6}
 67029 | Zig:16   | Identified the ring of Internal Strife {Drain Fly rPois rF+
                  | MP-9}
 67050 | Zig:16   | Identified the +3 buckler "Qeyn" {Will+++ Str+2 Int+4
                  | Slay-2}
 67052 | Zig:16   | Identified the +1 scale mail of Free Will {rF- Str+4 Dex+5
                  | Stlth+}
 67083 | Zig:17   | Entered Level 17 of a ziggurat
 67106 | Zig:17   | Reached skill level 24 in Spellcasting
 67154 | Zig:17   | Identified the +4 hand axe of the Hills {flame, rF++ Dex+3}
 67158 | Zig:17   | Identified the ring "Puloen" {rF+ rN+ Dex-2 Slay+3}
 67198 | Zig:18   | Entered Level 18 of a ziggurat
 67205 | Zig:18   | Noticed a royal mummy
 67207 | Zig:18   | Noticed a royal mummy
 67208 | Zig:18   | Noticed a royal mummy
 67209 | Zig:18   | Killed a royal mummy
 67210 | Zig:18   | Killed a royal mummy
 67210 | Zig:18   | Noticed a royal mummy
 67210 | Zig:18   | Killed a royal mummy
 67212 | Zig:18   | Killed a royal mummy
 67212 | Zig:18   | Noticed a royal mummy
 67222 | Zig:18   | Noticed a royal mummy
 67223 | Zig:18   | Killed a royal mummy
 67224 | Zig:18   | Noticed a royal mummy
 67226 | Zig:18   | Killed a royal mummy
 67226 | Zig:18   | HP: 4/207 [something (29)]
 67246 | Zig:18   | Killed a royal mummy
 67296 | Zig:18   | Found the +9 heavy crossbow "Sniper" {vorpal, Acc+∞ SInv}
 67314 | Zig:18   | Identified the +8 morningstar of Kuhas {elec, +Blink rF+
                  | Will+ Str-2}
 67316 | Zig:18   | Identified the +0 pair of gloves "Kenimpam" {Str-5 Int+3
                  | Slay+4}
 67317 | Zig:18   | Identified the +0 pair of boots of Valiance {rF+}
 67332 | Zig:18   | Identified the ring "Ziozixt" {Contam rCorr Int+5}
 67342 | Zig:18   | Identified the +3 mace "Pilaonn" {vorpal, rElec rN+++
                  | Str-3}
 67345 | Zig:19   | Entered Level 19 of a ziggurat
 67443 | Zig:19   | Identified the ring "Umuej" {rF+ rN+ MP-9 Str+3}
 67461 | Zig:20   | Entered Level 20 of a ziggurat
 67466 | Zig:20   | Noticed a shard shrike
 67473 | Zig:20   | Killed a shard shrike
 67505 | Zig:20   | Found the +0 pair of fencer's gloves {Riposte Dex+3}
 67506 | Zig:20   | Found the +9 sword of Zonguldrok {reap}
 67516 | Zig:20   | Identified the +8 trident "Fegisch" {flame, Fragile Fly
                  | rN++ Dex+3}
 67540 | Zig:20   | Identified the +4 trident of the Inviting Scorpion
                  | {protect, Dex+3}
 67546 | Zig:20   | Identified the ring "Dihal" {Fly Str+5 Int-4}
 67549 | Zig:20   | Identified the +11 whip "Diess" {vorpal, rElec}
 67560 | Zig:21   | Entered Level 21 of a ziggurat
 67567 | Zig:21   | Noticed a Killer Klown
 67567 | Zig:21   | Noticed a Killer Klown
 67568 | Zig:21   | Noticed Fiaxaweano the pandemonium lord
 67568 | Zig:21   | Noticed Fitrugul the pandemonium lord
 67569 | Zig:21   | Noticed Datierr the pandemonium lord
 67570 | Zig:21   | Noticed Lutorr the pandemonium lord
 67570 | Zig:21   | Noticed Dinluun the pandemonium lord
 67570 | Zig:21   | Killed a Killer Klown
 67570 | Zig:21   | Noticed Isiuxkox the pandemonium lord
 67570 | Zig:21   | Noticed Culeg the pandemonium lord
 67572 | Zig:21   | Killed Dinluun the pandemonium lord
 67573 | Zig:21   | Killed Fiaxaweano the pandemonium lord
 67573 | Zig:21   | Noticed Jayd the pandemonium lord
 67574 | Zig:21   | Noticed a Killer Klown
 67574 | Zig:21   | Noticed Liymusygg the pandemonium lord
 67575 | Zig:21   | Noticed a Killer Klown
 67575 | Zig:21   | Noticed Towabbirgh the pandemonium lord
 67576 | Zig:21   | Noticed Iggiedoi the pandemonium lord
 67576 | Zig:21   | Noticed Vyruoq the pandemonium lord
 67577 | Zig:21   | Noticed Otog the pandemonium lord
 67600 | Zig:21   | Noticed a Killer Klown
 67613 | Zig:21   | Killed a Killer Klown
 67616 | Zig:21   | Found the +5 scythe "Finisher" {speed, eviscerate}
 67626 | Zig:22   | Entered Level 22 of a ziggurat
 67645 | Zig:22   | Noticed a royal mummy
 67647 | Zig:22   | Noticed a royal mummy
 67650 | Zig:22   | Noticed a royal mummy
 67651 | Zig:22   | Killed a royal mummy
 67651 | Zig:22   | Killed a royal mummy
 67655 | Zig:22   | Killed a royal mummy
 67657 | Zig:22   | Noticed a royal mummy
 67658 | Zig:22   | Noticed a royal mummy
 67660 | Zig:22   | Killed a royal mummy
 67663 | Zig:22   | Noticed a royal mummy
 67666 | Zig:22   | Donated 3541 gold pieces to Zin
 67666 | Zig:22   | Noticed a royal mummy
 67675 | Zig:22   | Noticed a royal mummy
 67675 | Zig:22   | Killed a royal mummy
 67676 | Zig:22   | Noticed a royal mummy
 67678 | Zig:22   | Was placed under penance by Zin
 67678 | Zig:22   | Noticed a royal mummy
 67680 | Zig:22   | Killed a royal mummy
 67680 | Zig:22   | Killed a royal mummy
 67683 | Zig:22   | Noticed a royal mummy
 67683 | Zig:22   | Noticed a royal mummy
 67707 | Zig:23   | Entered Level 23 of a ziggurat
 67746 | Zig:23   | Was forgiven by Zin
 67820 | Zig:23   | Identified the +4 quarterstaff of Accord {venom, rPois
                  | rN+++ Will- Dex-3}
 67821 | Zig:23   | Identified the amulet of Pibymoass {rN++ Will+ Regen+}
 67828 | Zig:23   | Identified the ring of the Equinox {Fly Int+2 Stlth+}
 67852 | Zig:23   | Reached skill level 25 in Spellcasting
 67852 | Zig:23   | Reached skill level 10 in Evocations
 67870 | Zig:24   | Entered Level 24 of a ziggurat
 67886 | Zig:24   | Noticed a royal mummy
 67887 | Zig:24   | Noticed a royal mummy
 67887 | Zig:24   | Noticed a royal mummy
 67892 | Zig:24   | Noticed a royal mummy
 67893 | Zig:24   | Killed a royal mummy
 67926 | Zig:24   | Noticed a royal mummy
 67932 | Zig:24   | Noticed a royal mummy
 67935 | Zig:24   | Noticed a royal mummy
 67946 | Zig:24   | Killed a royal mummy
 67947 | Zig:24   | Was placed under penance by Zin
 67947 | Zig:24   | Was forgiven by Zin
 67947 | Zig:24   | Noticed a royal mummy
 67948 | Zig:24   | Killed a royal mummy
 67948 | Zig:24   | HP: 10/212 [something (14)]
 67948 | Zig:24   | Killed by something's death curse

Illustrated notes

Levels and vault maps discovered:
D:1:      erik_arrival_cave_to_civilisation [erik_arrival_cave_to_hall],
          layout_loops_ring, minmay_misc_feat_ornament, serial_bayou_crossing
D:2:      layout_rooms, serial_rivers, chequers_serial_rivers_large_b,
          chequers_serial_rivers_micro_e, chequers_serial_rivers_micro_b,
          chequers_serial_rivers_micro_c, chequers_serial_rivers_micro_a,
          chequers_serial_rivers_small_b
D:3:      layout_rooms, mainiacjoe_overflow_large_starburst, lemuel_flame_loot_1
D:4:      layout_loops_ring, lemuel_mausoleum_altar_yredelemnul,
          mainiacjoe_overflow_cross_hatched, ebering_ghost_sewer_f, uniq_grinder
D:5:      layout_loops_ring, minmay_temple_entry_stoned_glass
D:6:      layout_cave_pools, serial_shops, nicolae_lakefront_shop,
          grunt_ministairs_14, glass_columns_c
D:7:      layout_basic, mainiacjoe_overflow_catwalk, serial_glass,
          glass_columns_a, glass_columns_c, serial_shops, shop
D:8:      layout_rooms
D:9:      layout_basic, vehumet_altar_wand_db, dpeg_lair_monsters,
          hiddenorc2_lemuel, hellmonk_guarded_unrand_vines, uniq_pikel
D:10:     cheibrodos_orc_bank, layout_basic, chei_slow_surprise,
          minmay_overflow_temple_hex, hellmonk_guarded_unrand_lears
D:11:     layout_rooms, minmay_strange_pillars, minmay_misc_feat_roman,
          uniq_nergalle
D:12:     layout_small_grid, enter_trove_0, nicolae_fountain_basement
D:13:     minmay_the_grid_square_5x5_5x5 [minmay_the_grid_square_5x5_shrine1,
          minmay_the_grid_square_5x5_mess,
          minmay_the_grid_square_5x5_beaten_path,
          minmay_the_grid_square_5x5_tetrominoes,
          minmay_the_grid_square_5x5_six, minmay_the_grid_square_5x5_longway,
          minmay_the_grid_square_5x5_prize_pseudospiral,
          minmay_the_grid_square_5x5_lines,
          minmay_the_grid_square_5x5_prize_waves,
          minmay_the_grid_square_5x5_bracketed,
          minmay_the_grid_square_5x5_doubleslash,
          minmay_the_grid_square_5x5_misaligned,
          minmay_the_grid_square_5x5_prize_gold,
          minmay_the_grid_square_5x5_plus, minmay_the_grid_square_5x5_two,
          minmay_the_grid_square_5x5_checkered_statues,
          minmay_the_grid_square_5x5_prize_itemx,
          minmay_the_grid_square_5x5_minivault,
          minmay_the_grid_square_5x5_prize_open,
          minmay_the_grid_square_5x5_minimal,
          minmay_the_grid_square_5x5_minibox,
          minmay_the_grid_square_5x5_one_wall,
          minmay_the_grid_square_5x5_moneybag,
          minmay_the_grid_square_5x5_broken_cross,
          minmay_the_grid_square_5x5_half_checkered], layout_cave_pools,
          uniq_snorg
D:14:     layout_basic, skrybe_vaults_entry_preservation,
          portal_ice_cave_entry_pillars_four, nicolae_island_escapes
D:15:     grunt_enter_depths_snipers, layout_loops_ring, chequers_arboretum,
          special_room [special_room_orc], uniq_rupert
Temple:   jpeg_temple_island
Lair:1:   layout_regular_city, lemuel_fruit_tree, grunt_megastairs_2
Lair:2:   layout_gridlike, minmay_snake_entry_six_corridors, grunt_megastairs_3,
          uniq_erica, uniq_gastronok
Lair:3:   layout_small_grid, gauntlet_entry_generic, enter_volcano_4
Lair:4:   layout_gridlike, minmay_shoals_entry_hut, minivault_23,
          lemuel_fruit_fields
Lair:5:   beast_lair_carwin_large_4, layout_misc_corridors, serial_bayou_shore_a
Lair:6:   hangedman_lair_tendril_chambers, layout_regular_city, wormcave,
          slime_altar_1, grunt_forest_large_clearing_hut
Shoals:1: layout_shoals, nicolae_shoals_hidden_pirate_stash, uniq_mlioglotl
Shoals:2: layout_shoals, uniq_ilsuiw, uniq_frances
Shoals:3: layout_shoals
Shoals:4: shoals_end_simple, layout_shoals, ebering_ghost_davey_jones,
          uniq_louise, uniq_mara, uniq_donald, uniq_nikola
Snake:1:  layout_basic
Snake:2:  layout_onion_interference, ebering_ghost_gozag, minmay_shoptagon
Snake:3:  layout_chambers, serial_shops, nicolae_shop_waterfront, uniq_vashnia,
          uniq_agnes
Snake:4:  grunt_snake_rune_pools, layout_onion, serial_shops, shop,
          nicolae_shop_hallway_plus, nicolae_shop_hallway_stairs,
          shop_fountains, uniq_aizul
Slime:1:  layout_caves, cheibrodos_slime_lost_civilization_4
Slime:2:  nicolae_slime_jelly_donut, layout_caves
Slime:3:  layout_caves
Slime:4:  layout_caves
Slime:5
Orc:1:    layout_caves, basic_altar, mines2_lemuel
Orc:2:    st_orc_open, layout_caves, nicolae_shop_firing_range
Elf:1:    layout_geoelf_diagonals, minmay_elf_demonology,
          roderic_lattice_octagonal_star
Elf:2:    nicolae_elf_blades_crystal_corner, layout_loops_ring, serial_shops,
          nicolae_diamond_shop, uniq_azrael, uniq_zenata
Elf:3:    minmay_elf_hall_golems, layout_gridlike
Vaults:1: vaults_mumra_lcd, vaults_room_octagon, v_misc_9, v_pattern_5,
          v_misc_12, vaults_room_pool, vaults_room_large_hall, v_misc_17,
          vaults_room_fours, v_misc_5, nicolae_vaults_rhombus_5,
          ontoclasm_vaults_eye, layout_vaults_big_room
Vaults:2: vaults_mumra_minichess_inversion, gammafunk_its_a_trap,
          minmay_crypt_entry_skeletal_spiral, hangedman_vaults_impose,
          v_alt_pattern_2, vaults_standard_mumra_enter_the_diamond,
          ontoclasm_vaults_spin, v_misc_14, hangedman_vaults_stretched_pinwheel,
          nicolae_vaults_little_squares_1, ontoclasm_vaults_twist,
          vaults_dpeg_hooks, layout_vaults_omnigrid, serial_shops,
          bzr_entry_safe, uniq_bai_suzhen, uniq_mennas
Vaults:3: grunt_vaults_bifocal, vaults_standard_mumra_enter_the_diamond,
          hangedman_vaults_capsules, vaults_room_pools,
          nicolae_vaults_display_case, hangedman_vaults_slice,
          nicolae_vaults_little_squares_3, v_misc_17, vaults_room_semicircle,
          layout_vaults_ring
Vaults:4: ebering_ghost_disaster_area, nicolae_vaults_little_squares_4,
          vaults_dpeg_ring, v_rooms_3, hangedman_vaults_hat,
          ontoclasm_vaults_ring_square, vaults_room_boxed, v_misc_8,
          nicolae_vaults_stairing_the_circle, ontoclasm_vaults_decontamination,
          grunt_vaults_hallway_long, ontoclasm_vaults_shuriken, v_rooms_2,
          vaults_dpeg_encased_lava, layout_vaults_omnibox, uniq_frederick
Vaults:5: serial_shops, uniq_xtahua
Depths:1: cell_vault, layout_basic, hell_entry,
          nicolae_abyss_entry_one_way_or_another, tso_altar
Depths:2: kennysheep_bubble_arena, layout_gridlike, grunt_hell_entry_dis_grunt,
          hangedman_abyss_entry_splay, rand_demon_pan_entry_9,
          infiniplex_staircase_star
Depths:3: hangedman_six_sided_sadism, layout_cave_shapes, enter_ziggurat_b,
          grunt_mini_vestibule, abyss_entry_crystal, drop_trap,
          nicolae_shop_clearance, uniq_josephina
Depths:4: grunt_runaround [grunt_runaround_doors_1, grunt_runaround_doors_2,
          grunt_runaround_doors_3, grunt_runaround_doors_4,
          grunt_runaround_zot], hell_entry
Zot:1:    layout_misc_corridors, gammafunk_ghost_berserking_beasts,
          grunt_megastairs_1
Zot:2:    layout_concentric_octagons, grunt_megastairs_5
Zot:3:    layout_onion, hangedman_snake_sidewinding
Zot:4:    grunt_zot_stairs_faceoff, layout_basic, lemuel_baited_zot_trap
Zot:5:    layout_twisted_circle
Zig:24

Skill      XL: |  1  2  3  4  5  6  7  8  9 10 11 12 13 14 15 16 17 18 19 20 21 22 23 24 25 26 27 |
---------------+----------------------------------------------------------------------------------+-----
Stealth        | 2 3 4 5 7 8 9 11 13 14 15 16 17 18 19 | 19.0
Dodging        | 3 4 5 7 8 10 11 13 14 15 16 18 19 20 21 22 | 22.0
Spellcasting   | 3 4 5 6 7 8 9 10 11 12 13 14 15 16 17 18 25 | 25.0
Slings         | 2 4 5 6 7 |  7.0
Fighting       | 5 7 9 11 12 13 14 15 16 23 | 23.5
Invocations    | 5 7 9 11 12 13 14 15 16 23 | 23.1
Shields        | 5 7 9 12 14 15 16 | 16.0
Armour         | 2 |  2.0
Evocations     | 3 4 5 10 | 10.3
Throwing       | |  0.5

Action                   |  1- 3 |  4- 6 |  7- 9 | 10-12 | 13-15 | 16-18 | 19-21 | 22-24 | 25-27 || total
-------------------------+-------+-------+-------+-------+-------+-------+-------+-------+-------++-------
Melee: Unarmed           |     6 |       |       |       |       |       |       |       |       ||     6
       Dagger            |       |   178 |   300 |    61 |       |       |       |       |       ||   539
       Headbutt          |       |     6 |       |       |       |       |       |       |       ||     6
       Punch             |       |     2 |     1 |     2 |       |       |       |       |       ||     5
       Hunting sling     |       |       |       |       |     5 |       |       |       |       ||     5
       Falchion          |       |       |       |       |       |       |     1 |       |       ||     1
       Staff             |       |       |       |       |       |       |     2 |     3 |    25 ||    30
 Fire: Hunting sling     |       |       |       |   137 |   192 |   150 |    87 |    12 |       ||   578
 Cast: Sting             |    89 |    42 |    23 |     3 |     2 |       |       |       |     1 ||   160
       Beastly Appendage |       |     5 |       |       |     2 |       |       |       |       ||     7
       Olgreb's Toxic Ra |       |     2 |    18 |    66 |    23 |     9 |       |       |       ||   118
       Mephitic Cloud    |       |     1 |     2 |     9 |       |     7 |       |       |       ||    19
       Call Imp          |       |       |    25 |    17 |     3 |     2 |       |       |       ||    47
       Summon Ice Beast  |       |       |    12 |    45 |    11 |     6 |       |     1 |     3 ||    78
       Summon Lightning  |       |       |       |    28 |    18 |     5 |       |     1 |     3 ||    55
       Wereblood         |       |       |       |     2 |       |     1 |       |       |       ||     3
       Lightning Bolt    |       |       |       |       |   460 |   715 |    63 |    11 |   126 ||  1375
       Eringya's Noxious |       |       |       |       |    12 |    14 |       |       |       ||    26
       Ozocubu's Refrige |       |       |       |       |       |    51 |   486 |   394 |   848 ||  1779
       Orb of Destructio |       |       |       |       |       |       |    61 |   105 |   274 ||   440
       Spellforged Servi |       |       |       |       |       |       |     8 |    20 |    40 ||    68
       Summon Hydra      |       |       |       |       |       |       |       |    12 |   159 ||   171
       Fire Storm        |       |       |       |       |       |       |       |       |   146 ||   146
       Dragon's Call     |       |       |       |       |       |       |       |       |    20 ||    20
Invok: Renounce Religion |       |       |     1 |       |       |       |       |       |       ||     1
       Recite            |       |       |       |       |       |       |       |       |     4 ||     4
       Imprison          |       |       |       |       |       |       |       |       |     3 ||     3
       Sanctuary         |       |       |       |       |       |       |       |       |     5 ||     5
       Vitalisation      |       |       |       |       |       |       |       |       |     2 ||     2
       Donate Gold       |       |       |       |       |       |       |       |       |     1 ||     1
Evoke: Wand              |       |       |       |     2 |       |     6 |       |       |     1 ||     9
       Phial of floods   |       |       |       |       |       |       |       |       |     1 ||     1
       Condenser vane    |       |       |       |       |       |       |       |       |     1 ||     1
  Use: Scroll            |       |     4 |     2 |     6 |     4 |    14 |    10 |     1 |    29 ||    70
       Potion            |       |     2 |       |     2 |     7 |    11 |     2 |     1 |    19 ||    44
 Stab: Sleeping          |       |     3 |     3 |     2 |       |       |       |       |       ||     8
       Distracted        |       |       |     1 |       |       |       |       |       |     1 ||     2
Armor: Robe              |    14 |    25 |    51 |     8 |    28 |    23 |    17 |    25 |   109 ||   300
       Steam dragon scal |       |       |       |     3 |       |       |       |       |       ||     3
       Skin              |       |       |       |       |       |     6 |       |       |       ||     6
Dodge: Dodged            |    25 |   105 |   236 |   165 |   537 |   330 |   187 |   131 |   899 ||  2615
       Repelled          |       |       |       |       |       |     6 |     8 |    17 |    40 ||    71
Block: Other             |       |    37 |    23 |       |    55 |    37 |       |       |       ||   152
       Reflection        |       |       |       |       |       |    23 |    15 |       |       ||    38
       Buckler           |       |       |       |       |       |    47 |    70 |    44 |   317 ||   478

Table legend: (Time is in decaauts)
 A = Elapsed time spent in this place.
 B = Non-inter-level travel time spent in this place.
 C = Inter-level travel time spent in this place.
 D = Time resting spent in this place.
 E = Time spent auto-exploring this place.
 F = Levels seen in this place.
 G = Mean time per level.
                   A        B        C        D        E       F      G
               +--------+--------+--------+--------+--------+-----+--------+
         Total |  67936 |  61475 |   6461 |   4737 |  38641 |  85 |  799.2 |
       Dungeon |  24011 |  21230 |   2781 |   3640 |  13299 |  15 | 1600.7 |
        Temple |    537 |    445 |     92 |      0 |    433 |   1 |  537.0 |
          Lair |   6097 |   5412 |    685 |    140 |   4129 |   6 | 1016.2 |
        Shoals |   3591 |   3369 |    222 |      8 |   2651 |   4 |  897.8 |
     Snake Pit |   4335 |   4042 |    293 |     75 |   3191 |   4 | 1083.8 |
    Slime Pits |   1987 |   1836 |    151 |     51 |   1110 |   5 |  397.4 |
  Orcish Mines |   1724 |   1476 |    248 |    233 |    911 |   2 |  862.0 |
   Elven Halls |   3055 |   2851 |    204 |    137 |   1797 |   3 | 1018.3 |
        Vaults |   7150 |   6388 |    762 |     84 |   4409 |   5 | 1430.0 |
        Depths |   5237 |   4829 |    408 |    124 |   3236 |   4 | 1309.2 |
           Zot |   5218 |   4608 |    610 |     80 |   3003 |   5 | 1043.6 |
         Abyss |   1823 |   1823 |      0 |     17 |     56 |   3 |  607.7 |
      Ziggurat |   1793 |   1793 |      0 |    113 |    118 |  24 |   74.7 |
        Bazaar |     99 |     99 |      0 |      0 |     58 |   1 |   99.0 |
      Ice Cave |    487 |    487 |      0 |      9 |     89 |   1 |  487.0 |
       Volcano |    323 |    323 |      0 |      3 |      6 |   1 |  323.0 |
      Gauntlet |    460 |    460 |      0 |     22 |    145 |   1 |  460.0 |
               +--------+--------+--------+--------+--------+-----+--------+

Top non-repeatable levels by time:
     D:9: 3288 daAuts
     D:4: 2873 daAuts
Vaults:2: 2172 daAuts
     D:5: 2068 daAuts
     D:1: 1972 daAuts
     D:7: 1931 daAuts
 Abyss:3: 1650 daAuts
   Elf:3: 1481 daAuts
Vaults:5: 1455 daAuts
  Lair:6: 1443 daAuts
     D:8: 1417 daAuts
Depths:4: 1413 daAuts
Depths:3: 1392 daAuts
     D:3: 1371 daAuts
 Snake:3: 1364 daAuts
